Bears vs Aeros

Created - Wednesday, December 17, 2014 at 01:53

Goals
1 2 3 T
Bears 1 1 2 4
Aeros 0 1 0 1
Shots
1 2 3 T
Bears 9 9 10 28
Aeros 10 13 9 32

1st period

1. Bears , Shawn O'Donnell 2 (Jeremy Langlois, Matt Taormina) at 15:56

Penalties :
Ilari Melart (HOU) for Boarding (Minor) at 4:44, Shane O'Brien (HOU) for Hooking (Minor) at 9:48, Maxime Macenauer (Her) for Tripping (Minor) at 17:44

2nd period

2. Aeros , Chris Summers 2 (Scott Campbell) at 3:57
3. Bears , RJ Umberger 13 (Tyler Shattock, Patrice Cormier) at 19:31 (PP)

Penalties :
Patrick Wey (HOU) for Fighting (Major) at 0:33, David Dziurzynski (Her) for Fighting (Major) at 0:33, Shane O'Brien (HOU) for Tripping (Minor) at 7:02, Zachery Davies (Her) for Cross-checking (Minor) at 10:02, Mark Cundari (Her) for Tripping (Minor) at 15:31, Chris Summers (HOU) for Hooking (Minor) at 18:30

3rd period

4. Bears , Alexander Urbom 8 (Tyler Brown) at 10:57 (SH)
5. Bears , David Dziurzynski 4 (Mark Flood, Maxime Macenauer) at 14:52 (PP)

Penalties :
David Dziurzynski (Her) for High sticking (Minor) at 3:22, David Dziurzynski (Her) for Elbowing (Minor) at 9:55, Warren Peters (HOU) for Holding (Minor) at 14:31

Goalie Stats

Ilya Bryzgalov (Her), 31 saves from 32 shots - (0.969), W, 7-1-2, 60:00 minutes
Harri Sateri (HOU), 24 saves from 28 shots - (0.857), L, 4-9-1, 60:00 minutes

Players Stats for Bears

Player Name              G  A  P  +/- PIM S  H  SB GA TA FO     MP     PP MP  PK MP  
------------------------------------------------------------------------------------
Alexander Urbom          1  0  1   1  0   3  4  1  2  3  0/0    27:17   4:02   4:36 
Brad Mills               0  0  0   0  0   1  0  0  2  0  0/2    10:23   0:00   0:52 
David Dziurzynski        1  0  1   0  9   3  1  1  2  1  0/2    16:00   4:21   1:16 
David McIntyre           0  0  0   0  0   0  0  0  0  0  5/10   11:25   0:00   0:00 
Guy Leboeuf              0  0  0   0  0   0  0  0  0  0  0/0     0:00   0:00   0:00 
Jeremy Langlois          0  1  1   1  0   1  0  1  1  0  0/0     9:02   0:00   0:00 
Kevin Henderson          0  0  0   0  0   1  2  0  0  0  0/0    17:36   3:05   0:00 
Mark Cundari             0  0  0   0  2   1  2  1  1  2  0/0    30:31   4:02   3:23 
Mark Flood               0  1  1   1  0   4  2  2  0  1  0/0    28:19   3:17   5:19 
Matt Taormina            0  1  1   1  0   4  0  2  1  1  0/0    22:57   3:17   5:19 
Maxime Macenauer         0  1  1   1  2   3  0  0  2  1  5/19   18:59   4:21   1:59 
Patrice Cormier          0  1  1  -1  0   3  0  0  2  0  6/10   22:23   2:58   6:51 
RJ Umberger              1  0  1  -1  0   3  1  1  3  1  6/12   22:23   2:58   6:51 
Sebastian Stalberg       0  0  0   0  0   0  0  1  0  0  0/0     2:35   1:16   0:00 
Shawn O'Donnell          1  0  1   1  0   1  2  0  1  0  0/0     8:39   0:00   0:00 
Tyler Brown              0  1  1   2  0   0  2  0  3  1  3/7    14:45   0:00   2:01 
Tyler Shattock           0  1  1  -1  0   0  3  0  0  1  0/0    15:16   2:58   0:00 
Zachery Davies           0  0  0  -1  2   0  0  1  0  2  0/0    11:24   0:00   1:13 

Players Stats for Aeros

Player Name              G  A  P  +/- PIM S  H  SB GA TA FO     MP     PP MP  PK MP  
------------------------------------------------------------------------------------
Andrew Gordon            0  0  0   0  0   6  1  0  2  0  7/12   24:02   5:23   5:39 
Cam Janssen              0  0  0  -1  0   2  3  0  4  0  0/1    16:26   4:32   0:18 
Chris Summers            1  0  1   1  2   5  0  0  0  0  0/0    13:08   0:00   0:00 
Colin Stuart             0  0  0   0  0   0  0  1  1  0  2/2    13:30   0:00   1:40 
Craig Cunningham         0  0  0  -1  0   2  0  0  5  2  1/2    18:20   4:32   1:40 
Dan Catenacci            0  0  0   0  0   0  3  0  1  0  6/8    11:18   0:00   0:00 
Danny Hobbs              0  0  0  -1  0   0  0  1  1  0  5/5    11:43   4:32   0:00 
Ilari Melart             0  0  0   1  2   1  0  1  0  2  0/0    16:19   0:00   1:49 
Jared Gomes              0  0  0   0  0   0  1  0  0  0  3/9    10:44   0:00   0:00 
Jason Zucker             0  0  0   0  0   6  0  0  3  1  0/0    23:44   5:23   5:21 
Joel Chouinard           0  0  0   0  0   1  0  1  0  1  0/0    19:20   4:23   2:46 
Jon Landry               0  0  0  -2  0   2  0  1  0  1  0/0    27:30   5:32   4:33 
Matthew Pistilli         0  0  0   0  0   1  2  0  1  1  1/1    11:18   0:00   0:00 
Mike Ullrich             0  0  0   0  0   1  1  0  0  0  3/3     6:19   0:00   0:00 
Patrick Wey              0  0  0   0  5   1  1  1  0  0  0/0    20:25   4:23   3:04 
Scott Campbell           0  1  1   0  0   1  2  1  0  1  0/0     6:19   0:00   0:00 
Shane O'Brien            0  0  0  -2  4   3  2  1  2  2  0/0    24:45   5:32   2:26 
Warren Peters            0  0  0   0  2   0  3  0  1  0  9/19   17:20   5:23   0:00 

3 Stars

1 - Ilya Bryzgalov (Her)
2 - Alexander Urbom (Her)
3 - Shawn O'Donnell (Her)

Power Play

Bears - 2 on 5 Attempt(s) - 40.00%
Aeros - 0 on 5 Attempt(s) - 0.00%

Penalty Kill

Bears - 5 on 5 Attempt(s) - 100.00% - Score 1 goal in Penalty Kill
Aeros - 3 on 5 Attempt(s) - 60.00% - Score 0 goal in Penalty Kill

Official

Referees : Unknown
Linesman : Unknown

Game Notes

Sebastian Stalberg is injured at 8:16 of 1st period (Concussion)
15:56 of 1st period - Bears goal is going for a video replay. After video review, Goal.
Patrick Wey and David Dziurzynski fight to a draw at 0:33 of 2nd period

Finance

Level 1 -- Attendance: 1416 (70.80%) -- Ticket Income $49,560
Level 2 -- Attendance: 819 (81.90%) -- Ticket Income $12,285
Total Attendance: 2235 (74.50%)
Total Ticket Income: $61,845
Other Income: $30,304
Total Income: $92,149

Bears

5 vs 5 Forward 
   Center                   Left Wing                Right Wing               Time % Phy DF OF 
 1 Patrice Cormier          RJ Umberger              Tyler Shattock           35     1   2  2  
 2 Maxime Macenauer         David Dziurzynski        Sebastian Stalberg       30     1   2  2  
 3 David McIntyre           Kevin Henderson          Brad Mills               22     1   2  2  
 4 Tyler Brown              Shawn O'Donnell          Jeremy Langlois          13     1   2  2  

5 vs 5 Defense 
   Defense                  Defense                                           Time % Phy DF OF 
 1 Alexander Urbom          Mark Cundari                                      35     1   2  2  
 2 Mark Flood               Matt Taormina                                     30     1   2  2  
 3 Mark Cundari             Zachery Davies                                    22     1   2  2  
 4 Alexander Urbom          Mark Flood                                        13     1   2  2  

PowerPlay Forward 
   Center                   Left Wing                Right Wing               Time % Phy DF OF 
 1 Patrice Cormier          RJ Umberger              Tyler Shattock           60     1   2  2  
 2 Maxime Macenauer         David Dziurzynski        Sebastian Stalberg       40     1   2  2  

PowerPlay Defense
   Defense                  Defense                                           Time % Phy DF OF 
 1 Alexander Urbom          Mark Cundari                                      60     1   2  2  
 2 Mark Flood               Matt Taormina                                     40     1   2  2  

Penalty Kill 4 Players Forward 
   Center                   Wing                     Time % Phy DF OF 
 1 RJ Umberger              Patrice Cormier          60     1   2  2  
 2 Maxime Macenauer         David Dziurzynski        40     1   2  2  

Penalty Kill 4 Players Defense
   Defense                  Defense                  Time % Phy DF OF 
 1 Alexander Urbom          Mark Cundari             60     1   2  2  
 2 Mark Flood               Matt Taormina            40     1   2  2  

Penalty Kill - 3 Players Forward 
   Forward                                           Time % Phy DF OF 
 1 RJ Umberger                                       60     1   2  2  
 2 Patrice Cormier                                   40     1   2  2  

Penalty Kill - 3 Players Defense
   Defense                  Defense                  Time % Phy DF OF 
 1 Alexander Urbom          Mark Cundari             60     1   2  2  
 2 Mark Flood               Matt Taormina            40     1   2  2  

4 vs 4 Forward 
   Center                   Wing                     Time % Phy DF OF 
 1 RJ Umberger              Patrice Cormier          60     1   2  2  
 2 Maxime Macenauer         David Dziurzynski        40     1   2  2  

4 vs 4 Defense
   Defense                  Defense                  Time % Phy DF OF 
 1 Alexander Urbom          Zachery Davies           60     1   2  2  
 2 Mark Flood               Matt Taormina            40     1   2  2  

Last Minutes Offensive
   Center                   Left Wing                Right Wing               Defense                  Defense                  
   Patrice Cormier          RJ Umberger              Tyler Shattock           Alexander Urbom          Mark Flood               

Last Minutes Defensive
   Center                   Left Wing                Right Wing               Defense                  Defense                  
   Patrice Cormier          RJ Umberger              Tyler Shattock           Alexander Urbom          Mark Flood               

Goaltenders
Starting : Ilya Bryzgalov           
Backup : Karri Ramo               

Extra Forwards
Normal : Kevin Henderson, David McIntyre, Tyler Brown - PP : Kevin Henderson, David McIntyre - PK : Tyler Brown
Extra Defensemen
Normal : Mark Cundari, Zachery Davies, Mark Flood - PP : Mark Cundari - PK : Zachery Davies, Mark Flood
Penalty Shots
RJ Umberger, Patrice Cormier, Maxime Macenauer, David Dziurzynski, Kevin Henderson

Aeros

5 vs 5 Forward 
   Center                   Left Wing                Right Wing               Time % Phy DF OF 
 1 Warren Peters            Jason Zucker             Andrew Gordon            35     1   2  2  
 2 Jared Gomes              Craig Cunningham         Cam Janssen              30     1   2  2  
 3 Dan Catenacci            Colin Stuart             Matthew Pistilli         22     1   2  2  
 4 Mike Ullrich             Scott Campbell           Danny Hobbs              13     1   2  2  

5 vs 5 Defense 
   Defense                  Defense                                           Time % Phy DF OF 
 1 Shane O'Brien            Jon Landry                                        35     1   2  2  
 2 Chris Summers            Patrick Wey                                       30     1   2  2  
 3 Ilari Melart             Joel Chouinard                                    22     1   2  2  
 4 Shane O'Brien            Jon Landry                                        13     1   2  2  

PowerPlay Forward 
   Center                   Left Wing                Right Wing               Time % Phy DF OF 
 1 Warren Peters            Jason Zucker             Andrew Gordon            60     1   2  2  
 2 Danny Hobbs              Craig Cunningham         Cam Janssen              40     1   2  2  

PowerPlay Defense
   Defense                  Defense                                           Time % Phy DF OF 
 1 Shane O'Brien            Jon Landry                                        60     1   2  2  
 2 Joel Chouinard           Patrick Wey                                       40     1   2  2  

Penalty Kill 4 Players Forward 
   Center                   Wing                     Time % Phy DF OF 
 1 Andrew Gordon            Jason Zucker             60     1   2  2  
 2 Craig Cunningham         Colin Stuart             40     1   2  2  

Penalty Kill 4 Players Defense
   Defense                  Defense                  Time % Phy DF OF 
 1 Shane O'Brien            Jon Landry               60     1   2  2  
 2 Joel Chouinard           Patrick Wey              40     1   2  2  

Penalty Kill - 3 Players Forward 
   Forward                                           Time % Phy DF OF 
 1 Andrew Gordon                                     60     1   2  2  
 2 Jason Zucker                                      40     1   2  2  

Penalty Kill - 3 Players Defense
   Defense                  Defense                  Time % Phy DF OF 
 1 Shane O'Brien            Jon Landry               60     1   2  2  
 2 Joel Chouinard           Patrick Wey              40     1   2  2  

4 vs 4 Forward 
   Center                   Wing                     Time % Phy DF OF 
 1 Andrew Gordon            Jason Zucker             60     1   2  2  
 2 Craig Cunningham         Colin Stuart             40     1   2  2  

4 vs 4 Defense
   Defense                  Defense                  Time % Phy DF OF 
 1 Shane O'Brien            Jon Landry               60     1   2  2  
 2 Joel Chouinard           Patrick Wey              40     1   2  2  

Last Minutes Offensive
   Center                   Left Wing                Right Wing               Defense                  Defense                  
   Warren Peters            Jason Zucker             Andrew Gordon            Shane O'Brien            Jon Landry               

Last Minutes Defensive
   Center                   Left Wing                Right Wing               Defense                  Defense                  
   Warren Peters            Jason Zucker             Andrew Gordon            Shane O'Brien            Jon Landry               

Goaltenders
Starting : Harri Sateri             
Backup : David Leggio             

Extra Forwards
Normal : Matthew Pistilli, Scott Campbell, Jason Zucker - PP : Matthew Pistilli, Scott Campbell - PK : Cam Janssen
Extra Defensemen
Normal : Ilari Melart, Jon Landry, Shane O'Brien - PP : Ilari Melart - PK : Ilari Melart, Shane O'Brien
Penalty Shots
Andrew Gordon, Jason Zucker, Craig Cunningham, Colin Stuart, Warren Peters

% Time on Ice - Bears

Lines # - Real PCT - Wanted PCT - Time Play
Normal Forward
1 - 32% - 35% - 13:41
2 - 29% - 30% - 12:25
3 - 19% - 22% - 8:01
4 - 20% - 13% - 8:39
Normal Defense
1 - 31% - 35% - 13:17
2 - 34% - 30% - 14:22
3 - 23% - 22% - 9:45
4 - 13% - 13% - 5:22
PP Forward
1 - 41% - 60% - 2:58
2 - 59% - 40% - 4:21
PP Defense
1 - 55% - 60% - 4:02
2 - 45% - 40% - 3:17
PK Forward
1 - 78% - 60% - 7:43
2 - 22% - 40% - 2:12
PK Defense
1 - 46% - 60% - 4:36
2 - 54% - 40% - 5:19
PK3 Forward
1 - 0% - 60%
2 - 0% - 40%
PK3 Defense
1 - 0% - 60%
2 - 0% - 40%
44 Forward
1 - 0% - 60%
2 - 0% - 40%
44 Defense
1 - 0% - 60%
2 - 0% - 40%
Last Minute Offensive  - 0:00
Last Minute Defensive  - 0:00
Total
Forward - 60:00
Defense - 60:00

% Time on Ice - Aeros

Lines # - Real PCT - Wanted PCT - Time Play
Normal Forward
1 - 30% - 35% - 13:00
2 - 28% - 30% - 12:09
3 - 26% - 22% - 11:18
4 - 15% - 13% - 6:19
Normal Defense
1 - 35% - 35% - 15:04
2 - 33% - 30% - 14:12
3 - 26% - 22% - 11:08
4 - 6% - 13% - 2:22
PP Forward
1 - 54% - 60% - 5:23
2 - 46% - 40% - 4:32
PP Defense
1 - 56% - 60% - 5:32
2 - 44% - 40% - 4:23
PK Forward
1 - 77% - 60% - 5:39
2 - 23% - 40% - 1:40
PK Defense
1 - 62% - 60% - 4:33
2 - 38% - 40% - 2:46
PK3 Forward
1 - 0% - 60%
2 - 0% - 40%
PK3 Defense
1 - 0% - 60%
2 - 0% - 40%
44 Forward
1 - 0% - 60%
2 - 0% - 40%
44 Defense
1 - 0% - 60%
2 - 0% - 40%
Last Minute Offensive  - 0:00
Last Minute Defensive  - 0:00
Total
Forward - 60:00
Defense - 60:00

Play by Play

1st period


0:01 of 1st period - Patrice Cormier wins face-off versus Warren Peters in neutral zone.
0:30 of 1st period - Slapshot by Alexander Urbom.
0:30 of 1st period - Shot Misses the Net.
0:52 of 1st period - Wrist shot by Cam Janssen.
0:52 of 1st period - Stopped by Ilya Bryzgalov with a rebound.
1:06 of 1st period - Snap shot by Chris Summers.
1:06 of 1st period - Shot Blocked by David Dziurzynski.
1:59 of 1st period - Mark Cundari is hit by Matthew Pistilli and loses puck.
2:12 of 1st period - Chris Summers is hit by Alexander Urbom and loses puck.
2:25 of 1st period - Danny Hobbs is hit by Kevin Henderson and loses puck.
3:24 of 1st period - Wrist shot by Andrew Gordon.
3:24 of 1st period - Shot Misses the Net.
3:26 of 1st period - Slapshot by Jon Landry.
3:26 of 1st period - Deflect By Jeremy Langlois.
3:26 of 1st period - Stopped by Ilya Bryzgalov without a rebound.
3:27 of 1st period - Jared Gomes wins face-off versus Tyler Brown in Bears zone.
3:30 of 1st period - Snap shot by Cam Janssen.
3:30 of 1st period - Shot Misses the Net.
3:32 of 1st period - Slapshot by Shane O'Brien.
3:32 of 1st period - Stopped by Ilya Bryzgalov without a rebound.
3:33 of 1st period - Jared Gomes wins face-off versus Tyler Brown in Bears zone.
3:38 of 1st period - Snap shot by Cam Janssen.
3:38 of 1st period - Shot Blocked by Jeremy Langlois.
3:40 of 1st period - Slapshot by Jon Landry.
3:40 of 1st period - Stopped by Ilya Bryzgalov with a rebound.
4:06 of 1st period - Slapshot by Shane O'Brien.
4:06 of 1st period - Deflect By Craig Cunningham.
4:06 of 1st period - Shot Misses the Net.
4:06 of 1st period - Puck is out of play.
4:07 of 1st period - Warren Peters wins face-off versus Patrice Cormier in Bears zone.
4:16 of 1st period - Wrist shot by Andrew Gordon.
4:16 of 1st period - Shot Misses the Net.
4:18 of 1st period - Slapshot by Joel Chouinard.
4:18 of 1st period - Deflect By RJ Umberger.
4:18 of 1st period - Stopped by Ilya Bryzgalov without a rebound.
4:19 of 1st period - Warren Peters wins face-off versus Patrice Cormier in Bears zone.
4:22 of 1st period - Wrist shot by Jason Zucker.
4:22 of 1st period - Shot Blocked by Mark Flood.
4:24 of 1st period - Slapshot by Ilari Melart.
4:24 of 1st period - Shot Blocked by RJ Umberger.
4:42 of 1st period - Snap shot by RJ Umberger.
4:42 of 1st period - Shot Blocked by Ilari Melart.
4:44 of 1st period - Minor Penalty to Ilari Melart for Boarding.
4:45 of 1st period - Maxime Macenauer wins face-off versus Andrew Gordon in Aeros zone.
4:56 of 1st period - Slapshot by Alexander Urbom.
4:56 of 1st period - Shot Blocked by Jon Landry.
4:58 of 1st period - Slapshot by Mark Cundari.
4:58 of 1st period - Stopped by Harri Sateri without a rebound.
4:59 of 1st period - Andrew Gordon wins face-off versus Maxime Macenauer in Aeros zone.
5:42 of 1st period - Andrew Gordon is hit by Alexander Urbom and loses puck.
6:10 of 1st period - Off-side.
6:11 of 1st period - Craig Cunningham wins face-off versus Maxime Macenauer in neutral zone.
6:16 of 1st period - Mark Flood is hit by Patrick Wey and loses puck.
6:26 of 1st period - Slapshot by David Dziurzynski.
6:26 of 1st period - Deflect By Maxime Macenauer.
6:26 of 1st period - Shot Misses the Net.
6:26 of 1st period - Puck is out of play.
6:27 of 1st period - Andrew Gordon wins face-off versus Maxime Macenauer in Aeros zone.
6:27 of 1st period - Andrew Gordon is hit by David Dziurzynski.
6:37 of 1st period - Slapshot by Alexander Urbom.
6:37 of 1st period - Deflect By Maxime Macenauer.
6:37 of 1st period - Stopped by Harri Sateri without a rebound.
6:38 of 1st period - Andrew Gordon wins face-off versus Patrice Cormier in Aeros zone.
6:44 of 1st period - Penalty to Ilari Melart is over, Ilari Melart is back on ice.
7:23 of 1st period - Jason Zucker is hit by Mark Cundari and loses puck.
7:30 of 1st period - Slapshot by Matt Taormina.
7:30 of 1st period - Shot Misses the Net.
7:42 of 1st period - Snap shot by Tyler Brown.
7:42 of 1st period - Deflect By Jeremy Langlois.
7:42 of 1st period - Stopped by Harri Sateri with a rebound.
7:44 of 1st period - Wrist shot by Tyler Brown.
7:44 of 1st period - Deflect By Shawn O'Donnell.
7:44 of 1st period - Shot Misses the Net.
7:44 of 1st period - Puck is out of play.
7:45 of 1st period - Jared Gomes wins face-off versus Maxime Macenauer in Aeros zone.
8:16 of 1st period - Wrist shot by Craig Cunningham.
8:16 of 1st period - Shot Blocked by Sebastian Stalberg.
8:16 of 1st period - Sebastian Stalberg from Bears is injured at 8:16 of 1st period (Concussion).
8:17 of 1st period - Matthew Pistilli wins face-off versus Maxime Macenauer in Bears zone.
8:22 of 1st period - Snap shot by Colin Stuart.
8:22 of 1st period - Shot Misses the Net.
9:11 of 1st period - Snap shot by RJ Umberger.
9:11 of 1st period - Shot Misses the Net.
9:13 of 1st period - Slapshot by Mark Flood.
9:13 of 1st period - Stopped by Harri Sateri with a rebound.
9:37 of 1st period - Icing by Jon Landry.
9:38 of 1st period - Tyler Brown wins face-off versus Jared Gomes in Aeros zone.
9:48 of 1st period - Minor Penalty to Shane O'Brien for Hooking.
9:49 of 1st period - Maxime Macenauer wins face-off versus Andrew Gordon in Aeros zone.
10:15 of 1st period - Slapshot by Alexander Urbom.
10:15 of 1st period - Stopped by Harri Sateri without a rebound.
10:16 of 1st period - Patrice Cormier wins face-off versus Andrew Gordon in Aeros zone.
10:33 of 1st period - Slapshot by RJ Umberger.
10:33 of 1st period - Shot Misses the Net.
10:47 of 1st period - Wrist shot by RJ Umberger.
10:47 of 1st period - Shot Blocked by Joel Chouinard.
11:48 of 1st period - Penalty to Shane O'Brien is over, Shane O'Brien is back on ice.
12:19 of 1st period - Backhand shot by Alexander Urbom.
12:19 of 1st period - Deflect By Jeremy Langlois.
12:19 of 1st period - Shot Misses the Net.
12:19 of 1st period - Puck is out of play.
12:20 of 1st period - Mike Ullrich wins face-off versus David McIntyre in Aeros zone.
12:25 of 1st period - Slapshot by Chris Summers.
12:25 of 1st period - Stopped by Ilya Bryzgalov with a rebound.
12:27 of 1st period - Slapshot by Chris Summers.
12:27 of 1st period - Shot Misses the Net.
12:29 of 1st period - Snap shot by Mike Ullrich.
12:29 of 1st period - Stopped by Ilya Bryzgalov with a rebound.
12:31 of 1st period - Slapshot by Chris Summers.
12:31 of 1st period - Stopped by Ilya Bryzgalov with a rebound.
12:33 of 1st period - Slapshot by Chris Summers.
12:33 of 1st period - Shot Blocked by Zachery Davies.
12:42 of 1st period - Off-side.
12:43 of 1st period - Dan Catenacci wins face-off versus Maxime Macenauer in neutral zone.
12:56 of 1st period - Slapshot by Dan Catenacci.
12:56 of 1st period - Shot Misses the Net.
13:40 of 1st period - Wrist shot by Chris Summers.
13:40 of 1st period - Stopped by Ilya Bryzgalov with a rebound.
13:42 of 1st period - Slapshot by Scott Campbell.
13:42 of 1st period - Shot Blocked by Mark Cundari.
13:54 of 1st period - Chris Summers is hit by Tyler Brown and loses puck.
14:13 of 1st period - Snap shot by RJ Umberger.
14:13 of 1st period - Stopped by Harri Sateri with a rebound.
14:52 of 1st period - Wrist shot by Jason Zucker.
14:52 of 1st period - Stopped by Ilya Bryzgalov without a rebound.
14:53 of 1st period - Dan Catenacci wins face-off versus Maxime Macenauer in Bears zone.
15:10 of 1st period - Alexander Urbom is hit by Dan Catenacci and loses puck.
15:17 of 1st period - Maxime Macenauer is hit by Shane O'Brien and loses puck.
15:26 of 1st period - Matthew Pistilli is hit by Mark Flood.
15:45 of 1st period - Jeremy Langlois is hit by Scott Campbell and loses puck.
15:52 of 1st period - Slapshot by Matt Taormina.
15:52 of 1st period - Stopped by Harri Sateri with a rebound.
15:54 of 1st period - Slapshot by Jeremy Langlois.
15:54 of 1st period - Shot Blocked by Scott Campbell.
15:56 of 1st period - Slapshot by Shawn O'Donnell.
15:56 of 1st period - Bears goal is going for a video replay.
15:56 of 1st period - The goal is good.
15:56 of 1st period - Goal by Shawn O'Donnell - Bears : 1 - Aeros : 0.
15:57 of 1st period - Patrice Cormier wins face-off versus Warren Peters in neutral zone.
17:02 of 1st period - Off-side.
17:03 of 1st period - Mike Ullrich wins face-off versus David McIntyre in neutral zone.
17:44 of 1st period - Minor Penalty to Maxime Macenauer for Tripping.
17:45 of 1st period - RJ Umberger wins face-off versus Warren Peters in Bears zone.
17:45 of 1st period - RJ Umberger is hit by Warren Peters.
18:10 of 1st period - Snap shot by RJ Umberger.
18:10 of 1st period - Shot Misses the Net.
18:12 of 1st period - Snap shot by Alexander Urbom.
18:12 of 1st period - Stopped by Harri Sateri without a rebound.
18:13 of 1st period - Danny Hobbs wins face-off versus RJ Umberger in Aeros zone.
19:19 of 1st period - Mark Cundari is hit by Andrew Gordon and loses puck.
19:44 of 1st period - Penalty to Maxime Macenauer is over, Maxime Macenauer is back on ice.
Goals for this period are 1 for Bears vs 0 for Aeros.
Shots for this period are 9 for Bears vs 10 for Aeros.

2nd period


0:01 of 2nd period - Patrice Cormier wins face-off versus Warren Peters in neutral zone.
0:20 of 2nd period - Snap shot by Andrew Gordon.
0:20 of 2nd period - Stopped by Ilya Bryzgalov with a rebound.
0:22 of 2nd period - Snap shot by Jon Landry.
0:22 of 2nd period - Shot Blocked by Alexander Urbom.
0:32 of 2nd period - Snap shot by Andrew Gordon.
0:32 of 2nd period - Deflect By RJ Umberger.
0:32 of 2nd period - Stopped by Ilya Bryzgalov without a rebound.
0:33 of 2nd period - Maxime Macenauer wins face-off versus Jared Gomes in Bears zone.
0:33 of 2nd period - Patrick Wey and David Dziurzynski fight to a draw.
0:33 of 2nd period - Penalty to Patrick Wey for Fighting.
0:33 of 2nd period - Penalty to David Dziurzynski for Fighting.
0:34 of 2nd period - Warren Peters wins face-off versus Maxime Macenauer in Bears zone.
1:41 of 2nd period - Off-side.
1:42 of 2nd period - Tyler Brown wins face-off versus Jared Gomes in neutral zone.
1:45 of 2nd period - Slapshot by Mark Flood.
1:45 of 2nd period - Shot Misses the Net.
1:47 of 2nd period - Slapshot by Matt Taormina.
1:47 of 2nd period - Stopped by Harri Sateri without a rebound.
1:48 of 2nd period - Dan Catenacci wins face-off versus Tyler Brown in Aeros zone.
1:48 of 2nd period - Dan Catenacci is hit by Tyler Brown.
2:20 of 2nd period - Jon Landry is hit by Shawn O'Donnell and loses puck.
2:46 of 2nd period - Tyler Shattock is hit by Jared Gomes and loses puck.
3:17 of 2nd period - Slapshot by Jason Zucker.
3:17 of 2nd period - Deflect By RJ Umberger.
3:17 of 2nd period - Stopped by Ilya Bryzgalov with a rebound.
3:57 of 2nd period - Backhand shot by Chris Summers.
3:57 of 2nd period - Goal by Chris Summers - Bears : 1 - Aeros : 1.
3:58 of 2nd period - Dan Catenacci wins face-off versus Maxime Macenauer in neutral zone.
5:52 of 2nd period - Snap shot by Jason Zucker.
5:52 of 2nd period - Stopped by Ilya Bryzgalov without a rebound.
5:53 of 2nd period - Andrew Gordon wins face-off versus Patrice Cormier in Bears zone.
6:45 of 2nd period - Snap shot by Mike Ullrich.
6:45 of 2nd period - Shot Misses the Net.
6:47 of 2nd period - Snap shot by Scott Campbell.
6:47 of 2nd period - Deflect By Mike Ullrich.
6:47 of 2nd period - Shot Misses the Net.
6:47 of 2nd period - Puck is out of play.
6:48 of 2nd period - Dan Catenacci wins face-off versus David McIntyre in Bears zone.
7:02 of 2nd period - Minor Penalty to Shane O'Brien for Tripping.
7:03 of 2nd period - Andrew Gordon wins face-off versus David Dziurzynski in Aeros zone.
7:38 of 2nd period - Jon Landry is hit by Alexander Urbom and loses puck.
8:11 of 2nd period - Snap shot by David Dziurzynski.
8:11 of 2nd period - Shot Hit the Post.
8:13 of 2nd period - Slapshot by Mark Flood.
8:13 of 2nd period - Shot Misses the Net.
8:15 of 2nd period - Snap shot by Maxime Macenauer.
8:15 of 2nd period - Stopped by Harri Sateri without a rebound.
8:16 of 2nd period - Colin Stuart wins face-off versus Maxime Macenauer in Aeros zone.
8:21 of 2nd period - Patrick Wey is hit by Kevin Henderson and loses puck.
8:42 of 2nd period - Craig Cunningham is hit by Alexander Urbom and loses puck.
9:02 of 2nd period - Penalty to Shane O'Brien is over, Shane O'Brien is back on ice.
9:23 of 2nd period - Snap shot by Matt Taormina.
9:23 of 2nd period - Shot Blocked by Danny Hobbs.
9:31 of 2nd period - Mark Flood is hit by Scott Campbell and loses puck.
9:38 of 2nd period - Slapshot by Matt Taormina.
9:38 of 2nd period - Stopped by Harri Sateri without a rebound.
9:39 of 2nd period - David McIntyre wins face-off versus Jared Gomes in Aeros zone.
10:02 of 2nd period - Minor Penalty to Zachery Davies for Cross-checking.
10:03 of 2nd period - Warren Peters wins face-off versus RJ Umberger in Bears zone.
10:28 of 2nd period - Wrist shot by Patrice Cormier.
10:28 of 2nd period - Stopped by Harri Sateri with a rebound.
10:50 of 2nd period - Snap shot by Craig Cunningham.
10:50 of 2nd period - Stopped by Ilya Bryzgalov with a rebound.
10:52 of 2nd period - Snap shot by Craig Cunningham.
10:52 of 2nd period - Shot Blocked by Matt Taormina.
12:02 of 2nd period - Penalty to Zachery Davies is over, Zachery Davies is back on ice.
12:08 of 2nd period - Slapshot by Cam Janssen.
12:08 of 2nd period - Shot Blocked by Matt Taormina.
12:10 of 2nd period - Slapshot by Ilari Melart.
12:10 of 2nd period - Stopped by Ilya Bryzgalov with a rebound.
12:12 of 2nd period - Snap shot by Cam Janssen.
12:12 of 2nd period - Shot Blocked by Mark Flood.
12:17 of 2nd period - Icing by Mark Flood.
12:18 of 2nd period - Danny Hobbs wins face-off versus Tyler Brown in Bears zone.
12:38 of 2nd period - Off-side.
12:39 of 2nd period - Maxime Macenauer wins face-off versus Dan Catenacci in neutral zone.
13:28 of 2nd period - Slapshot by Shane O'Brien.
13:28 of 2nd period - Stopped by Ilya Bryzgalov with a rebound.
13:30 of 2nd period - Slapshot by Scott Campbell.
13:30 of 2nd period - Stopped by Ilya Bryzgalov with a rebound.
14:02 of 2nd period - Zachery Davies is hit by Cam Janssen and loses puck.
14:40 of 2nd period - Snap shot by Andrew Gordon.
14:40 of 2nd period - Shot Misses the Net.
14:42 of 2nd period - Slapshot by Chris Summers.
14:42 of 2nd period - Stopped by Ilya Bryzgalov with a rebound.
14:44 of 2nd period - Slapshot by Patrick Wey.
14:44 of 2nd period - Stopped by Ilya Bryzgalov with a rebound.
14:46 of 2nd period - Snap shot by Jason Zucker.
14:46 of 2nd period - Shot Misses the Net.
15:02 of 2nd period - Alexander Urbom is hit by Dan Catenacci and loses puck.
15:31 of 2nd period - Minor Penalty to Mark Cundari for Tripping.
15:32 of 2nd period - RJ Umberger wins face-off versus Warren Peters in Bears zone.
15:47 of 2nd period - Snap shot by Jason Zucker.
15:47 of 2nd period - Stopped by Ilya Bryzgalov with a rebound.
15:49 of 2nd period - Slapshot by Jon Landry.
15:49 of 2nd period - Shot Misses the Net.
15:58 of 2nd period - Snap shot by Andrew Gordon.
15:58 of 2nd period - Stopped by Ilya Bryzgalov without a rebound.
15:59 of 2nd period - Danny Hobbs wins face-off versus RJ Umberger in Bears zone.
16:50 of 2nd period - Alexander Urbom is hit by Warren Peters and loses puck.
17:31 of 2nd period - Penalty to Mark Cundari is over, Mark Cundari is back on ice.
18:07 of 2nd period - Snap shot by Brad Mills.
18:07 of 2nd period - Stopped by Harri Sateri with a rebound.
18:30 of 2nd period - Minor Penalty to Chris Summers for Hooking.
18:31 of 2nd period - Maxime Macenauer wins face-off versus Andrew Gordon in Aeros zone.
18:39 of 2nd period - Slapshot by Mark Cundari.
18:39 of 2nd period - Shot Misses the Net.
18:43 of 2nd period - Snap shot by David Dziurzynski.
18:43 of 2nd period - Stopped by Harri Sateri without a rebound.
18:44 of 2nd period - Andrew Gordon wins face-off versus Maxime Macenauer in Aeros zone.
19:25 of 2nd period - Slapshot by Mark Flood.
19:25 of 2nd period - Stopped by Harri Sateri with a rebound.
19:27 of 2nd period - Slapshot by Patrice Cormier.
19:27 of 2nd period - Stopped by Harri Sateri with a rebound.
19:29 of 2nd period - Backhand shot by Tyler Shattock.
19:29 of 2nd period - Shot Misses the Net.
19:31 of 2nd period - Snap shot by RJ Umberger.
19:31 of 2nd period - Goal by RJ Umberger - Bears : 2 - Aeros : 1.
19:32 of 2nd period - Tyler Brown wins face-off versus Cam Janssen in neutral zone.
Goals for this period are 1 for Bears vs 1 for Aeros.
Shots for this period are 9 for Bears vs 13 for Aeros.

3rd period


0:01 of 3rd period - David McIntyre wins face-off versus Warren Peters in neutral zone.
0:41 of 3rd period - Icing by Mark Cundari.
0:42 of 3rd period - David McIntyre wins face-off versus Jared Gomes in Bears zone.
1:10 of 3rd period - Jared Gomes is hit by Mark Cundari and loses puck.
1:30 of 3rd period - Icing by Mark Flood.
1:31 of 3rd period - Colin Stuart wins face-off versus Maxime Macenauer in Bears zone.
1:38 of 3rd period - Slapshot by Matt Taormina.
1:38 of 3rd period - Deflect By Shane O'Brien.
1:38 of 3rd period - Stopped by Harri Sateri with a rebound.
2:34 of 3rd period - Wrist shot by Andrew Gordon.
2:34 of 3rd period - Stopped by Ilya Bryzgalov without a rebound.
2:35 of 3rd period - Warren Peters wins face-off versus Brad Mills in Bears zone.
3:22 of 3rd period - Minor Penalty to David Dziurzynski for High sticking.
3:23 of 3rd period - Danny Hobbs wins face-off versus RJ Umberger in Bears zone.
3:33 of 3rd period - Snap shot by Cam Janssen.
3:33 of 3rd period - Stopped by Ilya Bryzgalov without a rebound.
3:34 of 3rd period - RJ Umberger wins face-off versus Craig Cunningham in Bears zone.
4:25 of 3rd period - RJ Umberger is hit by Warren Peters and loses puck.
4:40 of 3rd period - Snap shot by Jason Zucker.
4:40 of 3rd period - Stopped by Ilya Bryzgalov without a rebound.
4:41 of 3rd period - RJ Umberger wins face-off versus Warren Peters in Bears zone.
5:12 of 3rd period - Wrist shot by Craig Cunningham.
5:12 of 3rd period - Stopped by Ilya Bryzgalov without a rebound.
5:13 of 3rd period - Danny Hobbs wins face-off versus Maxime Macenauer in Bears zone.
5:22 of 3rd period - Penalty to David Dziurzynski is over, David Dziurzynski is back on ice.
5:40 of 3rd period - Snap shot by Dan Catenacci.
5:40 of 3rd period - Shot Misses the Net.
5:42 of 3rd period - Wrist shot by Colin Stuart.
5:42 of 3rd period - Shot Misses the Net.
6:08 of 3rd period - Brad Mills is hit by Shane O'Brien and loses puck.
7:00 of 3rd period - Snap shot by Jeremy Langlois.
7:00 of 3rd period - Shot Misses the Net.
7:12 of 3rd period - Kevin Henderson is hit by Mike Ullrich and loses puck.
7:32 of 3rd period - Jason Zucker is hit by RJ Umberger and loses puck.
7:44 of 3rd period - Jason Zucker is hit by Tyler Shattock and loses puck.
9:28 of 3rd period - Icing by Chris Summers.
9:29 of 3rd period - RJ Umberger wins face-off versus Dan Catenacci in Aeros zone.
9:36 of 3rd period - Patrice Cormier is hit by Dan Catenacci and loses puck.
9:55 of 3rd period - Minor Penalty to David Dziurzynski for Elbowing.
9:56 of 3rd period - Warren Peters wins face-off versus RJ Umberger in Bears zone.
10:08 of 3rd period - Snap shot by Andrew Gordon.
10:08 of 3rd period - Stopped by Ilya Bryzgalov with a rebound.
10:57 of 3rd period - Slapshot by Alexander Urbom.
10:57 of 3rd period - Goal by Alexander Urbom - Bears : 3 - Aeros : 1.
10:58 of 3rd period - RJ Umberger wins face-off versus Warren Peters in neutral zone.
11:01 of 3rd period - Slapshot by Alexander Urbom.
11:01 of 3rd period - Shot Misses the Net.
11:03 of 3rd period - Slapshot by Patrice Cormier.
11:03 of 3rd period - Shot Misses the Net.
11:05 of 3rd period - Wrist shot by Patrice Cormier.
11:05 of 3rd period - Stopped by Harri Sateri with a rebound.
11:07 of 3rd period - Slapshot by Mark Cundari.
11:07 of 3rd period - Deflect By RJ Umberger.
11:07 of 3rd period - Shot Blocked by Patrick Wey.
11:07 of 3rd period - Puck is out of play.
11:08 of 3rd period - Warren Peters wins face-off versus RJ Umberger in Aeros zone.
11:51 of 3rd period - Tyler Brown is hit by Cam Janssen and loses puck.
11:55 of 3rd period - Penalty to David Dziurzynski is over, David Dziurzynski is back on ice.
12:20 of 3rd period - Snap shot by Colin Stuart.
12:20 of 3rd period - Shot Misses the Net.
12:22 of 3rd period - Wrist shot by Matthew Pistilli.
12:22 of 3rd period - Stopped by Ilya Bryzgalov with a rebound.
12:44 of 3rd period - David Dziurzynski is hit by Matthew Pistilli and loses puck.
12:49 of 3rd period - Wrist shot by Dan Catenacci.
12:49 of 3rd period - Shot Hit the Post.
13:09 of 3rd period - Snap shot by Kevin Henderson.
13:09 of 3rd period - Stopped by Harri Sateri with a rebound.
13:11 of 3rd period - Slapshot by Matt Taormina.
13:11 of 3rd period - Shot Misses the Net.
13:24 of 3rd period - Off-side.
13:25 of 3rd period - Warren Peters wins face-off versus Brad Mills in neutral zone.
13:42 of 3rd period - Wrist shot by Jason Zucker.
13:42 of 3rd period - Deflect By Andrew Gordon.
13:42 of 3rd period - Shot Misses the Net.
13:42 of 3rd period - Puck is out of play.
13:43 of 3rd period - Warren Peters wins face-off versus David McIntyre in Bears zone.
13:44 of 3rd period - Wrist shot by Jason Zucker.
13:44 of 3rd period - Shot Hit the Post.
13:46 of 3rd period - Snap shot by Andrew Gordon.
13:46 of 3rd period - Stopped by Ilya Bryzgalov without a rebound.
13:47 of 3rd period - Patrice Cormier wins face-off versus Jared Gomes in Bears zone.
14:22 of 3rd period - Slapshot by Shane O'Brien.
14:22 of 3rd period - Deflect By Matt Taormina.
14:22 of 3rd period - Stopped by Ilya Bryzgalov without a rebound.
14:23 of 3rd period - David McIntyre wins face-off versus Andrew Gordon in Bears zone.
14:31 of 3rd period - Minor Penalty to Warren Peters for Holding.
14:32 of 3rd period - Andrew Gordon wins face-off versus Maxime Macenauer in Aeros zone.
14:40 of 3rd period - Snap shot by David Dziurzynski.
14:40 of 3rd period - Stopped by Harri Sateri with a rebound.
14:42 of 3rd period - Wrist shot by Maxime Macenauer.
14:42 of 3rd period - Shot Misses the Net.
14:44 of 3rd period - Slapshot by Mark Flood.
14:44 of 3rd period - Deflect By Jason Zucker.
14:44 of 3rd period - Stopped by Harri Sateri with a rebound.
14:46 of 3rd period - Snap shot by Maxime Macenauer.
14:46 of 3rd period - Shot Blocked by Shane O'Brien.
14:48 of 3rd period - Snap shot by Maxime Macenauer.
14:48 of 3rd period - Stopped by Harri Sateri with a rebound.
14:50 of 3rd period - Snap shot by Mark Flood.
14:50 of 3rd period - Deflect By Jason Zucker.
14:50 of 3rd period - Stopped by Harri Sateri with a rebound.
14:52 of 3rd period - Snap shot by David Dziurzynski.
14:52 of 3rd period - Goal by David Dziurzynski - Bears : 4 - Aeros : 1.
14:53 of 3rd period - Patrice Cormier wins face-off versus Warren Peters in neutral zone.
14:56 of 3rd period - Warren Peters is hit by Tyler Shattock.
15:18 of 3rd period - Snap shot by RJ Umberger.
15:18 of 3rd period - Stopped by Harri Sateri with a rebound.
15:29 of 3rd period - Snap shot by Jason Zucker.
15:29 of 3rd period - Stopped by Ilya Bryzgalov with a rebound.
15:47 of 3rd period - Alexander Urbom is hit by Cam Janssen and loses puck.
16:08 of 3rd period - Wrist shot by Maxime Macenauer.
16:08 of 3rd period - Shot Misses the Net.
16:32 of 3rd period - Slapshot by Chris Summers.
16:32 of 3rd period - Shot Misses the Net.
16:44 of 3rd period - Icing by Dan Catenacci.
16:45 of 3rd period - Dan Catenacci wins face-off versus David McIntyre in Aeros zone.
16:54 of 3rd period - Slapshot by Ilari Melart.
16:54 of 3rd period - Shot Misses the Net.
16:56 of 3rd period - Snap shot by Joel Chouinard.
16:56 of 3rd period - Deflect By Colin Stuart.
16:56 of 3rd period - Shot Misses the Net.
16:56 of 3rd period - Puck is out of play.
16:57 of 3rd period - David McIntyre wins face-off versus Warren Peters in Bears zone.
17:36 of 3rd period - Andrew Gordon is hit by Tyler Shattock and loses puck.
18:58 of 3rd period - Craig Cunningham is hit by Mark Flood and loses puck.
19:21 of 3rd period - Chris Summers is hit by Shawn O'Donnell and loses puck.
19:36 of 3rd period - Slapshot by Mark Flood.
19:36 of 3rd period - Shot Blocked by Colin Stuart.
19:38 of 3rd period - Wrist shot by Mark Flood.
19:38 of 3rd period - Deflect By Maxime Macenauer.
19:38 of 3rd period - Shot Misses the Net.
19:38 of 3rd period - Puck is out of play.
19:39 of 3rd period - Mike Ullrich wins face-off versus David Dziurzynski in Aeros zone.
Goals for this period are 2 for Bears vs 0 for Aeros.
Shots for this period are 10 for Bears vs 9 for Aeros.


Output by the SimonT Hockey Simulator (STHS) for Eric Dolegowski -- Original Page W3C XHTML 1.0 Valid
Hockey Simulator - Hockey Simulation - Hockey Manager